 Dungeon Crawl Stone Soup version 0.22.1-2-g9c5b331383 (webtiles) character file.

136 H0rd4k the Charlatan (level 5, -6/38 HPs)
             Began as a Human Artificer on Dec 14, 2018.
             Shot with an arrow by a centaur (12 damage)
             ... on level 4 of the Dungeon.
             The game lasted 00:05:25 (2725 turns).

H0rd4k the Charlatan (Human Artificer)              Turns: 2725, Time: 00:05:26

Health: -6/38      AC:  3    Str: 12    XL:     5   Next: 43%
Magic:  8/8        EV: 12    Int: 13    God:
Gold:   89         SH:  0    Dex: 13    Spells: 4/4 levels left

rFire    . . .     SeeInvis .   j - +1 short sword (drain)
rCold    . . .     Gourm    .   (no shield)
rNeg     . . .     Faith    .   b - +0 leather armour
rPois    .         Spirit   .   (no helmet)
rElec    .         Reflect  .   (no cloak)
rCorr    .         Harm     .   (no gloves)
MR       .....                  (no boots)
Stlth    ++........             (no amulet)
HPRegen  0.12/turn              (no ring)
MPRegen  0.11/turn              (no ring)

@: no status effects
A: no striking features
a: no special abilities


You were on level 4 of the Dungeon.
You were not hungry.

You visited 1 branch of the dungeon, and saw 4 of its levels.

You collected 89 gold pieces.

Inventory:

Hand Weapons
 a - a +0 short sword
 j - a +1 short sword of draining (weapon)
 q - a +3 hunting sling
Missiles
 m - 29 bolts
 n - 64 arrows
 p - 8 poisoned needles
 x - 3 tomahawks (quivered)
Armour
 b - a +0 leather armour (worn)
 l - a +1 cloak
 v - a +0 pair of boots
Jewellery
 y - an uncursed ring of fire {unknown}
Wands
 c - a wand of flame (5)
 d - a wand of enslavement (15)
 e - a wand of random effects (13)
Scrolls
 g - 2 scrolls of identify {unknown}
 i - a scroll of remove curse {unknown}
 r - a scroll of immolation {unknown}
Potions
 h - a potion of might {unknown}
 k - a potion of degeneration {unknown}
 o - 2 potions of curing {unknown}
 s - a potion of lignification {unknown}
 u - a potion of flight {unknown}
 w - a potion of invisibility
Comestibles
 f - 6 rations
 t - a chunk of flesh


   Skills:
 + Level 1.8 Fighting
 + Level 2.4 Short Blades
 + Level 1.3 Armour
 + Level 2.5 Dodging
 + Level 1.4 Stealth
 + Level 4.0 Evocations


You had 4 spell levels left.
You didn't know any spells.
Your spell library was empty.

Dungeon Overview and Level Annotations

Branches:
Dungeon (4/15)
 Temple: D:4-7

Altars:
Gozag


Message History

A centaur comes into view.
The centaur shouts!
The centaur wields a runed shortbow.
The centaur shoots an arrow.
The arrow barely misses you.
You see here an arrow.
Evoke which item? (* to show all) (? for menu, Esc to quit)
Aiming: Random Effects
Press: ? - help, Shift-Dir - straight line, f - centaur
Aim: a centaur, wielding an enchanted shortbow The centaur looks slightly unstable.
The centaur shoots an arrow.
The arrow hits you!
* * * LOW HITPOINT WARNING * * *
Evoke which item? (* to show all) (? for menu, Esc to quit)
Aiming: Random Effects
Press: ? - help, Shift-Dir - straight line, f/p - centaur
Aim: a centaur, wielding an enchanted shortbow The puff of frost hits the centaur.
The centaur is lightly wounded.
The centaur shoots an arrow.
The arrow hits you!
You die...

.......# ##..# ......##
#..# ......#####..#
.............##
...#..#.......##
..#...##...#...## .
.##..###...##...## ##...
##..# #...###...#......
#.. ###.....##.@......c
..............#........
#.......................
.......#.............
####.................
#..........###....
#...####....# ###. ...#
###..# .# .##


You could see a centaur.

Vanquished Creatures
  5 adders
  An adder skeleton (D:4)
  2 worms
  2 dart slugs (D:2)
  2 leopard geckos
  4 orcs (D:3)
  2 giant cockroaches
  7 hobgoblins
  4 jackals (D:1)
  9 kobolds
  2 quokkas (D:2)
  5 ball pythons
  8 bats
  4 frilled lizards
  4 goblins
  10 rats
71 creatures vanquished.

Notes
Turn   | Place    | Note
-------+----------+-------------------------------------------
     0 | D:1      | H0rd4k the Human Artificer began the quest for the Orb.
     0 | D:1      | Reached XP level 1. HP: 15/15 MP: 3/3
   375 | D:3      | Reached XP level 2. HP: 13/21 MP: 4/4
   855 | D:2      | Reached XP level 3. HP: 22/26 MP: 5/5
   904 | D:2      | Reached skill level 4 in Evocations
  1409 | D:2      | Reached XP level 4. HP: 32/32 MP: 7/7
  1843 | D:2      | Reached skill level 1 in Armour
  1849 | D:2      | Found an opulent altar of Gozag.
  2164 | D:3      | Reached XP level 5. HP: 34/37 MP: 8/8
  2723 | D:4      | Noticed a centaur
  2725 | D:4      | Shot with an arrow by a centaur

Skill      XL: |  1  2  3  4 |
---------------+-------------+-----
Evocations     | 4 |  4.0
Armour         | 1 |  1.3
Short Blades   | 2 |  2.4
Fighting       | |  1.8
Dodging        | |  2.5
Stealth        | |  1.4

Action                   |  1- 3 |  4- 6 || total
-------------------------+-------+-------++-------
Melee: Short sword       |   118 |   138 ||   256
Evoke: Wand              |    10 |     2 ||    12
 Stab: Sleeping          |       |     2 ||     2
  Eat: Chunk             |     2 |     4 ||     6
Armor: Leather armour    |    33 |    25 ||    58
Dodge: Dodged            |    81 |    90 ||   171
